 Dungeon Crawl Stone Soup version 0.30.0-3-ga4e48a9924 (webtiles) character file.

Game seed: 15779137140508316520

3014 zazu2006 the Nimble (level 9, -1/74 HPs)
             Began as a Gnoll Wanderer on May 7, 2023.
             Was a Follower of Vehumet.
             Killed from afar by a gargoyle (24 damage)
             ... with a stone arrow
             ... on level 8 of the Dungeon.
             The game lasted 00:14:48 (6079 turns).

zazu2006 the Nimble (Gnoll Wanderer)                Turns: 6079, Time: 00:14:49

Health: -1/74      AC:  7    Str: 15    XL:     9   Next: 85%
Magic:  16/16      EV: 15    Int: 11    God:    Vehumet [*.....]
Gold:   468        SH:  5    Dex: 13    Spells: 11/17 levels left

rFire   . . .        w - +6 shillelagh "Devastator" {shatter}
rCold   . . .        (no shield)
rNeg    . . .        H - +0 steam dragon scales
rPois   .            (no helmet)
rElec   .            (no cloak)
rCorr   .            r - +0 pair of gloves
SInv    .            (no boots)
Will    +....        D - amulet of reflection
Stlth   +++          q - ring of wizardry
HPRegen 0.32/turn    y - ring of willpower
MPRegen 0.15/turn

%: reflection, wizardry (x1)
@: no status effects
A: fangs 1, strong nose, distributed training
a: Renounce Religion


You were on level 8 of the Dungeon.
You worshipped Vehumet.
Vehumet was aware of your devotion.
You visited 2 branches of the dungeon, and saw 9 of its levels.

You collected 468 gold pieces.

Inventory:

Hand Weapons
 w - the +6 shillelagh "Devastator" (weapon) {shatter}
   (You found it on level 3 of the Dungeon)
 C - a +3 spear
Armour
 b - a +2 leather armour
 r - a +0 pair of gloves (worn)
 H - +0 steam dragon scales (worn)
Jewellery
 q - a ring of wizardry (left hand)
 t - an amulet of magic regeneration
 y - a ring of willpower (right hand)
 D - an amulet of reflection (around neck)
 E - a ring of willpower
 J - a ring of ice
Wands
 d - a wand of charming (13)
 G - a wand of iceblast (18)
 L - a wand of mindburst (17)
Scrolls
 a - a scroll of torment {unknown}
 c - 4 scrolls of fog
 g - 7 scrolls of identify {unknown}
 l - 2 scrolls of teleportation {unknown}
 o - a scroll of enchant weapon {unknown}
 u - 3 scrolls of poison {unknown}
 F - 2 scrolls of amnesia {unknown}
 I - 2 scrolls of noise {unknown}
 K - a scroll of magic mapping {unknown}
 M - a scroll of acquirement {unknown}
 N - a scroll of blinking {unknown}
 O - a scroll of immolation {unknown}
Potions
 e - a potion of cancellation {unknown}
 f - a potion of experience {unknown}
 h - 2 potions of might
 i - a potion of resistance {unknown}
 j - a potion of brilliance {unknown}
 k - 3 potions of haste
 m - 3 potions of lignification
 n - a potion of ambrosia {unknown}
 p - 2 potions of magic {unknown}
 s - a potion of berserk rage {unknown}
 v - 2 potions of heal wounds {unknown}
 x - 2 potions of mutation {unknown}
 z - a potion of flight {unknown}
 A - 2 potions of attraction {unknown}
 B - a potion of degeneration {unknown}


   Skills:
 + Level 8.2 Fighting
 + Level 4.8 Short Blades
 + Level 4.8 Long Blades
 + Level 4.8 Axes
 + Level 4.8 Maces & Flails
 + Level 6.7 Polearms
 + Level 4.8 Staves
 + Level 4.8 Ranged Weapons
 + Level 4.8 Throwing
 + Level 4.8 Armour
 + Level 8.2 Dodging
 + Level 6.4 Stealth
 + Level 4.8 Shields
 + Level 4.8 Unarmed Combat
 + Level 4.8 Spellcasting
 + Level 4.0 Conjurations
 + Level 4.0 Hexes
 + Level 4.0 Summonings
 + Level 4.0 Necromancy
 + Level 4.0 Translocations
 + Level 4.0 Transmutations
 + Level 4.0 Fire Magic
 + Level 4.0 Ice Magic
 + Level 4.0 Air Magic
 + Level 4.0 Earth Magic
 + Level 4.0 Poison Magic
 + Level 5.3 Invocations
 + Level 4.8 Evocations


You had 11 spell levels left.
You knew the following spells:

 Your Spells              Type           Power      Damage    Failure   Level
a - Stone Arrow           Conj/Erth      22%        3d8       5%          3
b - Mephitic Cloud        Conj/Pois/Air  11%        N/A       5%          3

Your spell library contained the following spells:

 Spells                   Type           Power      Damage    Failure   Level
 Foxfire                  Conj/Fire      44%        2x1d6     1%          1
 Apportation              Tloc           22%        N/A       1%          1
 Kiss of Death            Conj/Necr      44%        2d8       1%          1
 Poisonous Vapours        Pois/Air       22%        N/A       2%          2
 Sublimation of Blood     Necr           11%        N/A       2%          2
 Confusing Touch          Hex            11%        N/A       5%          3
 Summon Guardian Golem    Hex/Summ       11%        N/A       5%          3
 Animate Armour           Summ/Erth      22%        N/A       16%         4
 Dispel Undead            Necr           11%        3d9       16%         4
 Petrify                  Tmut/Erth      11%        N/A       16%         4
 Alistair's Intoxication  Tmut/Pois      7%         N/A       41%         5
 Blade Hands              Tmut           5%         N/A       41%         5
 Freezing Cloud           Conj/Ice/Air   5%         6-21      41%         5
 Irradiate                Conj/Tmut      5%         3d13      41%         5
 Iron Shot                Conj/Erth      5%         9d2       92%         6
 Orb of Destruction       Conj           5%         9d5       100%        7
 Spellforged Servitor     Conj/Summ      5%         N/A       100%        7
 Lehudib's Crystal Spear  Conj/Erth      5%         10d3      100%        8


Dungeon Overview and Level Annotations

Branches:
Dungeon (8/15)             Temple (1/1) D:6
   Lair: D:8-11

Altars:
Ashenzari
Cheibriados
Dithmenos
Elyvilon
Fedhas
Gozag
Hepliaklqana
Kikubaaqudgha
Nemelex Xobeh
Okawaru
Qazlal
Ru
Sif Muna
Trog
Vehumet
Wu Jian
Xom
Yredelemnul
Zin
The Shining One

Shops:
D:1 [

Annotations:
D:6 2 transporters, themargong's ghost, novice DsFE


Innate Abilities, Weirdness & Mutations

You have very sharp teeth.
Your uncanny sense of smell can sniff out nearby items.
Your experience applies equally to all skills.


Message History

Found 3 poisoned darts.
g - 7 scrolls labelled OCLISM SUISM (gained 1)
You see here 3 poisoned darts.
There is a stone staircase leading down here.
You pick up a book of Dangerous Friends and begin reading...
You add the spells Summon Guardian Golem, Orb of Destruction and Spellforged Servitor to your library.
You now have 468 gold pieces (gained 9).
Things that are here:
a +0 hand axe; a +0 leather armour; an orc corpse An orc comes into view.
It is wielding a +0 mace.
The orc moves out of view.
Things that are here:
a +0 hand axe; a +0 leather armour; an orc corpse You start waiting.
A gargoyle is nearby!
The gargoyle hurls a stone arrow at you.
The stone arrow hits you!!
You hit the gargoyle but do no damage.
The gargoyle hits you but does no damage.
You hit the gargoyle but do no damage.
The gargoyle hurls a stone arrow at you.
The stone arrow hits you!
You hit the gargoyle.
The gargoyle shudders.
The gargoyle is heavily damaged. x2
The gargoyle barely misses you.
You hit the gargoyle but do no damage.
You punch the gargoyle, but do no damage.
The gargoyle is heavily damaged.
You block the gargoyle's attack.
You hit the gargoyle but do no damage.
You bite the gargoyle, but do no damage.
The gargoyle is moderately damaged.
The gargoyle hits you with a +0 mace!!
* * * LOW HITPOINT WARNING * * *
You hit the gargoyle but do no damage.
The gargoyle is moderately damaged.
The gargoyle misses you.
The gargoyle hurls a stone arrow at you.
The stone arrow hits you!!
You die...

.## ##.....###..#.# ..# ####
####..>##..##..#.#.. #.#
....####...>..........#.#.. #.#
#...#..#######.#...##.... #.#
#...## #..........#
..##########.##########.........#
................................#
#....###....##)..9....#.........#
##.......#######@#..#..))......^.
###..##########.##...........#.#
#...#####......###.<####.##.#.#
#.........#######.9.# #.# .# #
##....##.### #...#.# #.# .#
##...#............##..# .#
#....#...#............. ##
...###.....#####........ ..##
#...### ...#....##.


You could see a gargoyle.

Vanquished Creatures
  A gargoyle (D:8)
  A steam dragon (D:7)
  A water moccasin (D:7)
  3 ice beasts
  A black bear (D:5)
  An orc warrior (D:7)
  2 ogres
  4 centaurs
  3 phantoms
  Blork the orc (D:5)
  2 bullfrogs
  3 scorpions
  3 killer bees (D:7)
  A jelly (D:5)
  3 orc priests
  5 hounds
  5 orc wizards
  5 iguanas
  2 mummies (D:4)
  8 adders
  3 gnolls (D:5)
  2 white imps
  2 ufetubi
  2 worms
  A dart slug (D:2)
  28 orcs
  4 endoplasms
  A giant cockroach (D:3)
  6 goblins
  8 hobgoblins
  3 jackals (D:4)
  3 quokkas (D:1)
  9 ball pythons
  4 bats
  A frilled lizard (D:3)
  A hobgoblin zombie (D:4)
  10 kobolds
  2 kobold zombies (D:4)
  An orc zombie (D:4)
  4 rats
150 creatures vanquished.

Vanquished Creatures (others)
  A killer bee (D:7)
  10 plants (D:4)
11 creatures vanquished.

Grand Total: 161 creatures vanquished

Notes
Turn   | Place    | Note
-------+----------+-------------------------------------------
     0 | D:1      | zazu2006 the Gnoll Wanderer began the quest for the Orb.
     0 | D:1      | zazu2006 set off with the following items: a +0 spear, a +2
                  | leather armour, a scroll of fog, a potion of curing.
     0 | D:1      | Reached XP level 1. HP: 23/23 MP: 1/1
    83 | D:1      | Reached XP level 2. HP: 29/29 MP: 2/2
   207 | D:1      | Found Riqem's Armour Boutique.
   477 | D:1      | Reached XP level 3. HP: 35/35 MP: 3/3
   861 | D:2      | Reached skill level 1 in Invocations
   972 | D:2      | Reached skill level 1 in Short Blades
   972 | D:2      | Reached skill level 1 in Long Blades
   972 | D:2      | Reached skill level 1 in Axes
   972 | D:2      | Reached skill level 1 in Maces & Flails
   972 | D:2      | Reached skill level 1 in Staves
   972 | D:2      | Reached skill level 1 in Ranged Weapons
   972 | D:2      | Reached skill level 1 in Throwing
   972 | D:2      | Reached skill level 1 in Armour
   972 | D:2      | Reached skill level 1 in Shields
   972 | D:2      | Reached skill level 1 in Unarmed Combat
   972 | D:2      | Reached skill level 1 in Spellcasting
   972 | D:2      | Reached skill level 1 in Evocations
  1123 | D:2      | Learned a level 3 spell: Mephitic Cloud
  1422 | D:3      | Reached XP level 4. HP: 41/41 MP: 5/5
  1585 | D:3      | Reached skill level 1 in Conjurations
  1585 | D:3      | Reached skill level 1 in Hexes
  1585 | D:3      | Reached skill level 1 in Summonings
  1585 | D:3      | Reached skill level 1 in Necromancy
  1585 | D:3      | Reached skill level 1 in Translocations
  1585 | D:3      | Reached skill level 1 in Transmutations
  1585 | D:3      | Reached skill level 1 in Fire Magic
  1585 | D:3      | Reached skill level 1 in Ice Magic
  1585 | D:3      | Reached skill level 1 in Air Magic
  1585 | D:3      | Reached skill level 1 in Earth Magic
  1585 | D:3      | Reached skill level 1 in Poison Magic
  1722 | D:3      | Found a faded altar of an unknown god.
  1813 | D:3      | Reached XP level 5. HP: 46/47 MP: 5/7
  1836 | D:3      | Found the +6 shillelagh "Devastator" {shatter}
  2084 | D:4      | Found a snail-covered altar of Cheibriados.
  2330 | D:4      | Reached skill level 5 in Polearms
  2330 | D:4      | Reached XP level 6. HP: 53/53 MP: 7/9
  2841 | D:5      | Entered Level 5 of the Dungeon
  3018 | D:5      | Noticed Blork the orc
  3022 | D:5      | Killed Blork the orc
  3023 | D:5      | Reached XP level 7. HP: 44/60 MP: 10/10
  3190 | D:5      | Reached skill level 5 in Stealth
  3336 | D:5      | Found a hazy altar of Hepliaklqana.
  3671 | D:6      | Reached XP level 8. HP: 63/67 MP: 12/12
  3777 | D:6      | Found a transporter.
  3780 | D:6      | Noticed themargong's ghost (novice DsFE)
  3780 | D:6      | Identified the +5 dire flail "Gapeuly" {flame, Str+3}
  3780 | D:6      | Noticed a two-headed ogre
  3785 | D:6      | Found a staircase to the Ecumenical Temple.
  3788 | D:6      | Found a transporter.
  3978 | D:6      | Found a sparkling altar of Nemelex Xobeh.
  3978 | D:6      | Found an ornate altar of the Wu Jian Council.
  4151 | Temple   | Entered the Ecumenical Temple
  4234 | Temple   | Became a worshipper of Vehumet
  4693 | D:7      | Reached XP level 9. HP: 17/73 MP: 14/14
  5208 | D:7      | Found a blossoming altar of Fedhas.
  5274 | D:7      | Learned a level 3 spell: Stone Arrow
  5479 | D:7      | Found Uriyntio's Antique Armour Emporium.
  5495 | D:7      | Reached * piety under Vehumet
  5495 | D:7      | Offered knowledge of Foxfire by Vehumet.
  5496 | D:7      | Reached skill level 5 in Invocations
  5712 | D:8      | Noticed a gargoyle
  5739 | D:8      | Killed a gargoyle
  5939 | D:8      | Noticed a boulder beetle
  5971 | D:8      | Noticed a gargoyle
  6079 | D:8      | Killed from afar by a gargoyle

Illustrated notes

Levels and vault maps discovered:
D:1:      shiori_arrival_oz, layout_basic, serial_shops, shop, minivault_4,
          minmay_misc_feat_ornament, skrybe_limestone_x
D:2:      layout_basic
D:3:      layout_basic, ebering_ecumenical_altar_ruins,
          minmay_misc_feat_columns, minmay_misc_feat_pillars
D:4:      layout_basic, slow_altar_2, serial_forest, infiniplex_forest_zigzag_2,
          infiniplex_forest_clump_tiny, infiniplex_forest_clump_tiny,
          infiniplex_forest_straight_2, infiniplex_forest_clump_tiny,
          infiniplex_forest_clump_double, kennysheep_cross_bottleneck,
          minmay_mini_ossuary
D:5:      layout_basic, mainiacjoe_overflow_cross_hatched, uniq_blork_the_orc
D:6:      layout_cave_pods, gammafunk_temple_overflow_pools,
          minmay_temple_entry_proselytizer, gammafunk_ghost_smash
D:7:      layout_basic, fedhas_altar_2, kennysheep_small_square
D:8:      layout_rooms, minmay_three_doors
Temple:   eino_wide_crystal_templ

Skill      XL: |  1  2  3  4  5  6  7  8  9 |
---------------+----------------------------+-----
Invocations    | 1 2 3 4 5 |  5.3
Short Blades   | 1 2 3 4 |  4.8
Long Blades    | 1 2 3 4 |  4.8
Axes           | 1 2 3 4 |  4.8
Maces & Flails | 1 2 3 4 |  4.8
Staves         | 1 2 3 4 |  4.8
Ranged Weapons | 1 2 3 4 |  4.8
Throwing       | 1 2 3 4 |  4.8
Armour         | 1 2 3 4 |  4.8
Shields        | 1 2 3 4 |  4.8
Unarmed Combat | 1 2 3 4 |  4.8
Spellcasting   | 1 2 3 4 |  4.8
Evocations     | 1 2 3 4 |  4.8
Conjurations   | 1 2 3 4 |  4.0
Hexes          | 1 2 3 4 |  4.0
Summonings     | 1 2 3 4 |  4.0
Necromancy     | 1 2 3 4 |  4.0
Translocations | 1 2 3 4 |  4.0
Transmutations | 1 2 3 4 |  4.0
Fire Magic     | 1 2 3 4 |  4.0
Ice Magic      | 1 2 3 4 |  4.0
Air Magic      | 1 2 3 4 |  4.0
Earth Magic    | 1 2 3 4 |  4.0
Poison Magic   | 1 2 3 4 |  4.0
Polearms       | 5 6 |  6.7
Fighting       | 7 8 |  8.2
Dodging        | 7 8 |  8.2
Stealth        | 5 6 |  6.4

Action                     |  1- 3 |  4- 6 |  7- 9 || total
---------------------------+-------+-------+-------++-------
  Melee: Spear             |   147 |    57 |       ||   204
         Bite              |    14 |    10 |     6 ||    30
         Punch             |     3 |       |     5 ||     8
         Shillelagh        |       |    58 |   138 ||   196
   Cast: Mephitic Cloud    |       |       |     4 ||     4
         Stone Arrow       |       |       |     2 ||     2
    Use: Potion            |       |       |     8 ||     8
   Stab: Sleeping          |     7 |     2 |     4 ||    13
 Armour: Leather armour    |    29 |    18 |    13 ||    60
         Steam dragon scal |       |       |    25 ||    25
         Skin              |       |       |     1 ||     1
  Dodge: Dodged            |    85 |    57 |    85 ||   227
  Block: Other             |       |       |     1 ||     1
